 Dungeon Crawl Stone Soup version 0.28-a0-657-g71136c5590 (webtiles) character file.

Game seed: 14784381250734811683

49 mordus the Shield-Bearer (level 4, -2/35 HPs)
             Began as a Formicid Fighter on Oct 13, 2021.
             Slain by an orc (6 damage)
             ... on level 3 of the Dungeon.
             The game lasted 00:03:21 (1550 turns).

mordus the Shield-Bearer (Formicid Fighter)         Turns: 1550, Time: 00:03:22

Health: -2/35      AC:  8    Str: 22    XL:     4   Next: 2%
Magic:  4/4        EV:  9    Int:  7    God:
Gold:   102        SH:  4    Dex: 10    Spells: 3/3 levels left

rFire   . . .      SeeInvis +   a - +0 long sword
rCold   . . .      Faith    .   c - +0 buckler
rNeg    . . .      Spirit   .   b - +0 scale mail
rPois   .          Reflect  .   (helmet unavailable)
rElec   .          Harm     .   e - +0 cloak
rCorr   .          Rampage  .   (no gloves)
Will    .....                   (no boots)
Stlth   ..........              (no amulet)
HPRegen 0.11/turn               (no ring)
MPRegen 0.09/turn               (no ring)

@: no status effects
A: permanent stasis, dig shafts and tunnels, antennae 3, four strong arms
a: Dig, Shaft Self


You were on level 3 of the Dungeon.
You visited 1 branch of the dungeon, and saw 4 of its levels.

You collected 102 gold pieces.

Inventory:

Hand Weapons
 a - a +0 long sword (weapon)
Armour
 b - a +0 scale mail (worn)
 c - a +0 buckler (worn)
 e - a +0 cloak (worn)
Jewellery
 i - the ring of Uhuul {rN+ rCorr Str+6 Dex-5 SInv}
   (You found it on level 4 of the Dungeon)

   [ring of resist corrosion]

   Str:       It affects your strength (+6).
   Dex:       It affects your dexterity (-5).
   rN:        It protects you from negative energy.
   SInv:      It lets you see invisible.
   rCorr:     It protects you from acid and corrosion.
Scrolls
 f - a scroll of teleportation {unknown}
 g - a scroll of identify {unknown}
Potions
 d - a potion of might
 h - a potion of attraction {unknown}


   Skills:
 - Level 3.2 Fighting
 * Level 3.1 Long Blades
 + Level 3.7 Armour
 + Level 4.1 Shields


You had 3 spell levels left.
You didn't know any spells.
Your spell library contained the following spells:

 Spells                   Type           Power      Damage    Failure   Level
 Foxfire                  Conj/Fire      0%         2x1d4     75%         1
 Conjure Flame            Conj/Fire      0%         6-21      98%         3
 Inner Flame              Hex/Fire       0%         N/A       98%         3
 Tukima's Dance           Hex            0%         N/A       98%         3
 Flame Wave               Conj/Fire      0%         3d3       100%        4
 Passage of Golubria      Tloc           N/A        N/A       100%        4
 Yara's Violent Unravell  Hex/Tmut       0%         3d3       100%        5


Dungeon Overview and Level Annotations

Branches:
Dungeon (4/15)
 Temple: D:4-7

Altars:


Innate Abilities, Weirdness & Mutations

You cannot be hasted, slowed, berserked, paralysed or teleported.
You can dig through walls and to a lower floor.
You have a pair of large antennae on your head. (SInv)
Your four strong arms can wield two-handed weapons with a shield.


Message History

You barely miss the scorpion. The scorpion stings you.
You are poisoned.
The scorpion poisons you! The goblin hits you but does no damage.
You block the quokka's attack. The scorpion stings you.
The goblin barely misses you.
You feel sick. The quokka barely misses you.
The scorpion stings you but does no damage.
You feel sick. The scorpion barely misses you. You block the orc's attack.
You feel sick. The quokka misses you. The scorpion barely misses you.
You feel sick.
You feel sick.
You feel sick.
You feel sick.
You are no longer poisoned.
The scorpion barely misses you.
A hound and an ogre come into view.
Found 30 gold pieces.
The hound barks!
An orc priest comes into view. It is wielding a +0 dagger.
The orc priest shouts!
You block the orc priest's attack. You block the orc's attack.
The orc barely misses you. You block the scorpion's attack.
The orc priest hits you with a +0 dagger.
The orc hits you but does no damage.
The orc priest mumbles some strange prayers to Beogh against you.
Beogh smites you!
* * * LOW HITPOINT WARNING * * *
The orc hits you but does no damage.
There is an escape hatch in the ceiling here.
The orc priest begins to cast a cantrip, but forgets the words!
The orc hits you but does no damage. The orc closely misses you.
The dart slug closely misses you. The goblin closely misses you.
A mysterious force pulls you upwards. The hatch slams shut behind you.
The hobgoblin shouts!
The orc hits you but does no damage. The orc barely misses you.
The dart slug launches a dart at you. You block the slug dart.
The orc hits you but does no damage. The orc hits you with a +0 flail.
You die...

#.# #.# ..#
#. #.#
#.###.#
####.#.#.#
#........#
+.......@#
#......o.#
#......og#
#........#
#.....gw.#
...........
.#######.....
#.....#
#######


You could see a dart slug, 2 orcs, a hobgoblin and a goblin.

Vanquished Creatures
  An adder (D:2)
  A dart slug (D:1)
  4 ball pythons
  An endoplasm (D:1)
  4 giant cockroaches
  2 goblins (D:1)
  3 hobgoblins
  2 jackals (D:1)
  5 kobolds
  A quokka (D:2)
  7 bats (D:1)
  3 frilled lizards
  4 rats
38 creatures vanquished.

Vanquished Creatures (others)
  4 toadstools (D:1)
4 creatures vanquished.

Grand Total: 42 creatures vanquished

Notes
Turn   | Place    | Note
-------+----------+-------------------------------------------
     0 | D:1      | mordus the Formicid Fighter began the quest for the Orb.
     0 | D:1      | Reached XP level 1. HP: 18/18 MP: 1/1
    54 | D:1      | Reached XP level 2. HP: 15/24 MP: 2/2
   524 | D:1      | Reached XP level 3. HP: 25/29 MP: 3/3
   609 | D:1      | Reached skill level 4 in Shields
  1469 | D:2      | Reached XP level 4. HP: 35/35 MP: 4/4
  1519 | D:2      | You fall into a shaft and drop 2 floors!
  1525 | D:4      | Noticed a scorpion
  1528 | D:4      | Identified the ring of Uhuul {rN+ rCorr Str+6 Dex-5 SInv}
  1539 | D:4      | Noticed an ogre
  1550 | D:3      | Slain by an orc

Illustrated notes

Levels and vault maps discovered:
D:1:      ldierk_walled_garden_2, layout_basic, minmay_misc_feat_enclosed,
          minmay_indecisive_spiral
D:2:      layout_basic, hangedman_decor_peaks_small, chequers_garden
D:3:      layout_basic, hellmonk_ecumenical_altar_run_dry
D:4:      layout_rooms, uniq_blork_the_orc

Skill      XL: |  1  2  3 |
---------------+----------+-----
Shields        | 4 |  4.1
Long Blades    | 3 |  3.1
Fighting       | |  3.2
Armour         | |  3.7

Action                   |  1- 3 |  4- 6 || total
-------------------------+-------+-------++-------
Melee: Long sword        |   131 |     2 ||   133
Armor: Scale mail        |   109 |    10 ||   119
Dodge: Dodged            |    82 |    15 ||    97
Block: Buckler           |    46 |     7 ||    53

Table legend: (Time is in decaauts)
 A = Elapsed time spent in this place.
 B = Non-inter-level travel time spent in this place.
 C = Inter-level travel time spent in this place.
 D = Time resting spent in this place.
 E = Time spent auto-exploring this place.
 F = Levels seen in this place.
 G = Mean time per level.
                   A        B        C        D        E       F      G
               +--------+--------+--------+--------+--------+-----+--------+
         Total |   1585 |   1557 |     28 |      0 |   1172 |   4 |  396.2 |
       Dungeon |   1585 |   1557 |     28 |      0 |   1172 |   4 |  396.2 |
               +--------+--------+--------+--------+--------+-----+--------+

Top non-repeatable levels by time:
     D:1: 1173 daAuts
     D:2: 380 daAuts
     D:4: 28 daAuts
     D:3: 2 daAuts
